AoeStats
← ALmotema

African Clearing

510309094Analyzed
4v4 RM · 4h ago on Sep 30, 2026· 46m 11s· 8 players
Game mode
Random Map
Map size
Large (8 player)
Population
200
Speed
Normal
Resources
Standard
Victory
Conquest
Starting age
Dark Age
Ending age
Imperial Age
RankedLock teamsTeams togetherTeam positionsShared explorationLock speedFull tech treeHidden civsTurbo modeCheats
Victory
Defeat
🇯🇵 Tupi · Japan
1509
+11
🇯🇵 Japanese · Japan
1469
+13
🇯🇵 Mongols · Japan
1457
+13
🇯🇵 Vietnamese · Japan
1288
+21
🇻🇳 Lithuanians · Vietnam
1431
-16
🇻🇳 Cumans · Vietnam
1402
-15
🇺🇸 Saxons · United States
1387
-14
🇹🇼 Varangians · Taiwan
1363
-13
dustbin
12:10 Loom
14:39 Feudal Age
19:39 Double-Bit Axe
28:02 Fletching
29:41 Wheelbarrow
33:15 Castle Age
31:20 Horse Collar
33:08 Gold Mining
42:37 Bloodlines
43:33 Scale Barding Armor
busy pushing deer
14:21 Feudal Age
18:11 Castle Age
16:48 Double-Bit Axe
17:17 Fishing Lines
19:07 Bow Saw
19:41 Gold Mining
20:33 Gillnets
21:52 Fletching
22:55 Bodkin Arrow
23:14 Horse Collar
24:03 Loom
24:53 Wheelbarrow
25:20 Heavy Plow
26:24 Ballistics
28:01 Padded Archer Armor
28:30 Bloodlines
28:21 Husbandry
29:47 Elite Skirmisher
33:32 Leather Archer Armor
33:56 Hand Cart
33:27 Town Watch
38:26 Imperial Age
36:24 Scale Mail Armor
38:37 Chain Mail Armor
38:32 Forging
39:31 Gold Shaft Mining
38:48 Stone Mining
38:41 Capped Ram
39:57 Plate Mail Armor
39:28 Bracer
39:54 Squires
39:40 Arson
41:29 Ring Archer Armor
41:35 Iron Casting
42:34 Two-Man Saw
42:01 Clerical Recruitment
42:02 Shield Wall
43:03 Conscription
44:01 Siege Ram
45:50 Elite Hearth Troop
ALmotema
4:12 Loom
13:58 Feudal Age
14:25 Double-Bit Axe
22:21 Castle Age
20:23 Fishing Lines
21:02 Gold Mining
22:06 Scale Barding Armor
23:06 Forging
25:03 Gillnets
25:30 Bow Saw
25:35 Horse Collar
26:49 Bloodlines
30:25 Wheelbarrow
29:59 Husbandry
30:42 Chain Barding Armor
33:06 Stone Mining
33:30 Fletching
35:14 Iron Casting
35:07 Heavy Plow
37:59 Vendel Legacy
45:05 Ballistics
tychodalat
8:54 Loom
11:29 Feudal Age
20:19 Castle Age
19:21 Double-Bit Axe
20:45 Horse Collar
30:37 Wheelbarrow
33:06 Scale Barding Armor
34:15 Forging
34:56 Chain Barding Armor
35:58 Iron Casting
37:40 Bow Saw
37:30 Heavy Plow
40:52 Imperial Age
39:00 Hill Forts
40:10 Hand Cart
39:41 Town Watch
40:55 Bloodlines
40:46 Husbandry
43:07 Plate Barding Armor
42:54 Conscription
TTT
9:38 Loom
14:13 Feudal Age
15:20 Double-Bit Axe
18:19 Fletching
23:40 Castle Age
22:11 Padded Archer Armor
22:21 Horse Collar
23:14 Gold Mining
25:49 Wheelbarrow
25:29 Crossbowman
26:56 Bodkin Arrow
30:21 Bow Saw
34:57 Town Watch
39:29 Imperial Age
37:56 Hand Cart
38:18 Stone Mining
39:45 Elite Rattan Archer
41:03 Bracer
42:52 Leather Archer Armor
43:38 Two-Man Saw
44:03 Ballistics
44:44 Chemistry
44:36 Ring Archer Armor
yu_k1
11:34 Loom
13:25 Feudal Age
18:06 Castle Age
16:32 Double-Bit Axe
17:35 Gold Mining
18:54 Fletching
20:22 Bodkin Arrow
22:46 Ballistics
26:44 Padded Archer Armor
27:52 Leather Archer Armor
29:35 Guard Tower
30:27 Wheelbarrow
29:38 Town Watch
33:19 Bow Saw
36:24 Horse Collar
40:55 Imperial Age
43:28 Curare
43:24 Bracer
44:55 Elite Blackwood Archer
EM
3:35 Loom
12:09 Feudal Age
12:54 Double-Bit Axe
16:15 Scale Barding Armor
17:01 Fletching
23:48 Forging
24:18 Wheelbarrow
27:38 Castle Age
26:50 Padded Archer Armor
28:01 Bloodlines
27:47 Crossbowman
30:07 Bodkin Arrow
32:33 Ballistics
36:48 Husbandry
38:30 Hand Cart
38:26 Bow Saw
37:57 Horse Collar
38:07 Gold Mining
44:27 Imperial Age
42:14 Light Cavalry
43:11 Leather Archer Armor
44:12 Chain Barding Armor
44:59 Elite Mangudai
46:15 Conscription
46:42 Bracer
happikon.6139
3:53 Loom
12:16 Feudal Age
12:59 Double-Bit Axe
17:43 Gold Mining
20:23 Castle Age
19:23 Fletching
20:50 Bloodlines
21:20 Bodkin Arrow
21:48 Bow Saw
22:16 Town Watch
23:34 Wheelbarrow
24:11 Ballistics
25:41 Horse Collar
31:16 Heavy Plow
33:16 Wheelbarrow
34:07 Stone Mining
37:12 Imperial Age
35:24 Padded Archer Armor
35:55 Thumb Ring
36:38 Gold Shaft Mining
37:03 Hand Cart
37:10 Husbandry
37:12 Squires
36:57 Gambesons
36:58 Arson
39:09 Parthian Tactics
38:48 Bracer
39:07 Leather Archer Armor
38:54 Scale Mail Armor
39:05 Forging
40:05 Chemistry
38:57 Guard Tower
40:07 Yasama
39:48 Pikeman
40:20 Man-at-Arms
42:50 Chain Mail Armor
43:06 Ring Archer Armor
42:49 Masonry
42:11 Long Swordsman
42:12 Halberdier
43:02 Two-Handed Swordsman
43:09 Heavy Cavalry Archer
45:03 Iron Casting
45:14 Champion
46:33 Plate Mail Armor
45:46 Treadmill Crane
Connection lost

Rejoining the realm…

Still unreachable

The connection could not be restored.

Session expired

The server has moved on; the page needs a fresh start.